 Dungeon Crawl Stone Soup version 0.30.1-4-g462c640d31 (webtiles) character file.

Game seed: 6845040656152078758

213841 wingedge the Fighter (level 17, -3/228 HPs)
             Began as a Demigod Wanderer on Aug 25, 2023.
             Slain by Bai Suzhen (11 damage)
             ... on level 3 of the Swamp on Aug 26, 2023.
             The game lasted 03:22:40 (45698 turns).

wingedge the Fighter (Demigod Wanderer)            Turns: 45698, Time: 03:22:41

Health: -3/228     AC: 25    Str: 19    XL:     17   Next: 65%
Magic:  23/35      EV: 21    Int: 30    God:
Gold:   2256       SH:  0    Dex: 14    Spells: 5/34 levels left

rFire   x . .        a - +3 battleaxe (heavy)
rCold   + + .        (shield currently unavailable)
rNeg    + . .        n - +0 ice dragon scales
rPois   +            u - +1 helmet of the Gusle {Rampage SInv}
rElec   +            J - +2 cloak {rPois}
rCorr   .            E - +2 pair of gloves "Koff" {rElec rN+ Dex+3}
SInv    +            o - +2 pair of slick slippers {slick, slippery, EV+4}
Will    +....        A - amulet of regeneration Stlth
                     f - ring of flight
HPRegen 1.38/turn    h - +5 ring of evasion
MPRegen 0.24/turn

%: rampage
@: berserking, forested, flying, studying 2 skills, very quick
A: high MP 1, forlorn, divine attributes, noise suppression
}: 1/15 runes: gossamer
a: no special abilities


You were on level 3 of the Swamp.
You visited 5 branches of the dungeon, and saw 29 of its levels.
You visited 1 bazaar.
You also visited: Sewer, Bailey and Ice Cave.

You collected 3349 gold pieces.
You spent 1093 gold pieces at shops.

Inventory:

Hand Weapons
 a - a +3 heavy battleaxe (weapon)
 b - a +9 spectral quarterstaff
 d - the +11 broad axe of Sunlight {pain, rElec}
   (You found it on level 14 of the Dungeon)

   rElec:     It insulates you from electricity.
 i - a +1 broad axe of freezing
 m - a +1 heavy broad axe
Missiles
 K - a throwing net
Armour
 n - +0 ice dragon scales (worn)
 o - the +2 pair of slick slippers (worn) {slick, slippery, EV+4}
   (You found it on level 4 of the Spider Nest)

   Slick:     Its wearer cannot be constricted, engulfed, netted or webbed.
   Slippery:  Its wearer slips away from damaging melee attacks, pulling the
   attacker onward.
   EV:        It affects your evasion (+4).
 u - the +1 helmet of the Gusle (worn) {Rampage SInv}
   (You found it on level 10 of the Dungeon)

   SInv:      It lets you see invisible.
   Rampage:   It bestows one free step when moving towards enemies.
 E - the +2 pair of gloves "Koff" (worn) {rElec rN+ Dex+3}
   (You bought it in a shop in a bazaar)

   Dex:       It affects your dexterity (+3).
   rElec:     It insulates you from electricity.
   rN:        It protects you from negative energy.
 J - a +2 cloak of poison resistance (worn)
 N - a +0 cloak of cold resistance
Jewellery
 f - a ring of flight (left hand)
 h - a +5 ring of evasion (right hand)
 q - a +6 ring of intelligence
 z - a ring of positive energy
 A - an amulet of regeneration (around neck)
 F - a ring of resist corrosion
 L - a ring of willpower
 S - a ring of protection from fire
 V - a ring of protection from cold
Wands
 v - a wand of mindburst (39)
 G - a wand of roots (26)
 R - a wand of acid (17)
Scrolls
 c - a scroll of fear
 j - 16 scrolls of teleportation
 l - 2 scrolls of amnesia
 p - 4 scrolls of fog
 w - 2 scrolls of brand weapon
 x - 6 scrolls of magic mapping
 y - 2 scrolls of blinking
 H - 3 scrolls of butterflies
 P - 6 scrolls of immolation
Potions
 e - 6 potions of curing
 k - 5 potions of heal wounds
 r - 3 potions of magic
 t - 4 potions of might
 B - 7 potions of invisibility
 C - 4 potions of cancellation
 D - 5 potions of flight
 I - 2 potions of haste
 M - 2 potions of berserk rage
 O - 5 potions of brilliance
 U - 5 potions of mutation
 W - 4 potions of resistance
 Y - 7 potions of ambrosia
Miscellaneous
 s - a box of beasts (inert) (quivered)


   Skills:
 + Level 14.1 Fighting
 * Level 9.0(9.2) Axes
 - Level 3.0(8.2) Maces & Flails
 - Level 7.9(8.1) Staves
 - Level 1.0 Throwing
 + Level 11.0 Armour
 - Level 7.0 Dodging
 - Level 6.0 Stealth
 - Level 9.0 Spellcasting
 - Level 5.0 Conjurations
 + Level 11.0 Summonings
 + Level 11.1 Translocations
 - Level 1.0 Fire Magic
 - Level 5.0 Ice Magic
 - Level 7.0 Air Magic
 - Level 10.0 Earth Magic


You had 5 spell levels left.
You knew the following spells:

 Your Spells              Type           Power      Damage    Failure   Level
a - Summon Forest         Summ/Tloc      34%        N/A       3%          5
b - Passage of Golubria   Tloc           69%        N/A       1%          4
c - Stone Arrow           Conj/Erth      100%       3d13      1%          3
d - Animate Armour        Summ/Erth      100%       N/A       1%          4
f - Summon Lightning Spi  Summ/Air       61%        N/A       2%          4
g - Lee's Rapid Deconstr  Erth           32%        3d17*     4%          5
h - Iskenderun's Mystic   Conj/Tloc      58%        2d12      4%          4

Your spell library contained the following spells:

 Spells                   Type           Power      Damage    Failure   Level
 Freeze                   Ice            100%       1d10      1%          1
 Sandblast                Erth           100%       2d20      1%          1
 Call Canine Familiar     Summ           68%        N/A       1%          3
 Passwall                 Tmut/Erth      35%        N/A       2%          2
 Volatile Blastmotes      Fire/Tloc      100%       2d18      2%          3
 Foxfire                  Conj/Fire      100%       2x1d9     3%          1
 Portal Projectile        Hex/Tloc       94%        N/A       3%          3
 Kiss of Death            Conj/Necr      100%       2d13      4%          1
 Frozen Ramparts          Ice            86%        1d13      4%          3
 Hailstorm                Conj/Ice       43%        3d10      4%          3
 Ozocubu's Armour         Ice            43%        N/A       4%          3
 Leda's Liquefaction      Hex/Erth       21%        N/A       14%         4
 Confusing Touch          Hex            13%        N/A       32%         3
 Tukima's Dance           Hex            13%        N/A       32%         3
 Fulminant Prism          Conj/Hex       14%        3d9       36%         4
 Silence                  Hex/Air        17%        N/A       58%         5
 Dispel Undead            Necr           13%        3d9       73%         4
 Metabolic Englaciation   Hex/Ice        14%        N/A       73%         5
 Blade Hands              Tmut           6%         N/A       97%         5
 Malign Gateway           Summ/Tloc      34%        N/A       69%         7
 Statue Form              Tmut/Erth      28%        N/A       91%         6
 Simulacrum               Ice/Necr       14%        N/A       99%         6
 Storm Form               Tmut/Air       17%        N/A       100%        7
 Lehudib's Crystal Spear  Conj/Erth      27%        10d7      100%        8
 Maxwell's Capacitive Co  Air            26%        ∞         100%        8


Dungeon Overview and Level Annotations

Branches:
Dungeon (15/15)            Temple (0/1) D:5            Lair (5/5) D:10
  Swamp (3/4) Lair:2       Spider (4/4) Lair:2        Slime (0/5) Lair:5
    Orc (2/2) D:12            Elf (0/3) Orc:2        Vaults (0/5) D:14
 Depths (0/4) D:15          Sewer (visited)          Bailey (visited)
  IceCv (visited)

Shops:
D:3 *   D:14 [   D:15 [*   Orc:2 ?([?

Annotations:
Swamp:3 Bai Suzhen
Orc:2 3 runed translucent doors, chickenninja42's ghost, journeyman MiBe


Innate Abilities, Weirdness & Mutations

You have an increased reservoir of magic. (+10% MP)
You shall have no god before yourself.
Your divine heritage dramatically boosts your attributes as you level up.
You passively dampen the noise of your surroundings.


Message History

Bai Suzhen claws you but does no damage.
Bai Suzhen barely misses you.
You hit Bai Suzhen.
Bai Suzhen is heavily wounded.
Your +9 spectral quarterstaff hits Bai Suzhen!!
Bai Suzhen breathes water at you. The torrent of water hits you!!
* * * LOW HITPOINT WARNING * * *
You are knocked back by the torrent of water.
You slam into the mangrove!
* * * LOW HITPOINT WARNING * * *
The wave splashes down.
You hit Bai Suzhen but do no damage.
Bai Suzhen is severely wounded.
Your +9 spectral quarterstaff hits Bai Suzhen but does no damage.
You are engulfed in a thunderstorm.
You resist.
* * * LOW HITPOINT WARNING * * *
You hit Bai Suzhen.
Bai Suzhen is severely wounded.
Your +9 spectral quarterstaff hits Bai Suzhen!
Bai Suzhen breathes water at your +9 spectral quarterstaff.
The torrent of water hits your +9 spectral quarterstaff!!
Your spectral weapon shares its damage with you!
Your +9 spectral quarterstaff disappears.
The wave splashes down.
* * * LOW HITPOINT WARNING * * *
Bai Suzhen roars deafeningly!
You hit Bai Suzhen.
Bai Suzhen is almost dead.
Your +9 spectral quarterstaff hits Bai Suzhen but does no damage.
You are engulfed in a thunderstorm.
You resist.
* * * LOW HITPOINT WARNING * * *
Your +9 spectral quarterstaff disappears.
a - a +3 heavy battleaxe (weapon)
You are engulfed in a thunderstorm.
You resist.
* * * LOW HITPOINT WARNING * * *
Bai Suzhen bites you!!
* * * LOW HITPOINT WARNING * * *
Bai Suzhen claws you!
You die...

~.♣ ♣~~.>.♣♣♣♣♣♣.♣~.~~.♣
♣♣.~~
..♣♣♣♣~~~....~♣♣~.♣~~~~.♣
♣~~.
~~~.♣♣♣~♣♣~~~.♣~..♣.~~~~♣♣
♣♣~~
~.~~~.♣♣♣(~~~~~~~~.~~~~.§♣
♣♣♣ ♣..~~.♣
♣.~~~~~~...~~..~♣♣ ♣
♣♣.~~♣♣ ♣.~~~~..♣♣~..~♣♣♣
♣♣.♣♣ ♣~~~.?~♣♣♣♣♣♣♣♣ ♣♣♣
♣♣♣♣....♣♣♣♣♣♣♣♣♣.
♣♣♣♣♣♣♣~§♣♣♣..~♣@D§i~~~.
~~..♣♣~~§♣♣♣♣~~)~§§~~~~.
~~~...~~~.♣♣~~~~~~~~~~~.
.......~~♣♣♣.~~~§~§~~≈..
♣♣~.~♣♣~♣♣ ♣♣.~§~§~~~≈~.
....~♣♣♣♣ ♣♣~~~~~~~.♣.
.~~.♣♣ ♣♣♣.≈~~.~.♣ .~~.♣
..≈~.~~≈.. ..~♣♣
~..~~~.~♣~


You could see Bai Suzhen (clouds, catching breath) and a spriggan rider.

Vanquished Creatures
  Arachne (Spider:4)
  A sphinx (D:14)
  Roxanne (D:15)
  2 frost giants (IceCv)
  An emperor scorpion (Spider:4)
  3 ghost moths
  An eleionoma (Swamp:1)
  A broodmother (Spider:3)
  Nessos (Lair:4)
  A white draconian (IceCv)
  3 spark wasps (Spider:4)
  Azrael (D:13)
  2 bunyips
  Josephine (Spider:1)
  A fire dragon (Lair:1)
  A shambling mangrove (Swamp:3)
  4 entropy weavers
  2 rakshasas (D:15)
  3 jorogumos
  4 ironbound frosthearts (IceCv)
  2 ice dragons (IceCv)
  2 radroaches
  2 ogre magi
  2 catoblepae
  9 hydras
  3 vault guards
  3 two-headed ogres
  4 centaur warriors
  4 boulder beetles
  5 death yaks (Lair:5)
  A death scarab (Spider:3)
  7 alligators
  3 orc high priests (Orc:2)
  3 skysharks
  3 sun moths
  5 pharaoh ants
  2 spriggan druids
  2 swamp dragons
  A glowing orange brain (D:15)
  9 orb spiders
  An orc knight (Orc:2)
  A deep troll (D:14)
  Pikel (D:5)
  18 wolf spiders
  3 deep elf pyromancers
  A mana viper (shapeshifter) (D:15)
  16 ugly things
  An orange crystal statue (IceCv)
  3 orc sorcerers (Orc:2)
  A manticore (Lair:5)
  6 cyclopes
  A will-o-the-wisp (Swamp:2)
  3 moths of wrath
  4 black mambas
  Joseph (D:8)
  Maurice (D:9)
  2 torpor snails
  3 demonic crawlers
  A gargoyle (D:14)
  6 rime drakes
  10 cane toads
  A freezing wraith (D:15)
  An efreet (D:13)
  An unseen horror (D:12)
  2 komodo dragons
  2 yaktaurs
  6 polar bears
  2 burning bushes (Lair:4)
  A queen bee (Spider:2)
  2 bloated husks
  7 meliai
  4 tyrant leeches
  5 blink frogs
  Grinder (D:5)
  27 tarantellas
  5 hornets
  4 trolls
  A slime creature (shapeshifter) (D:14)
  6 spriggans
  23 jumping spiders
  16 slime creatures
  24 culicivoras
  A shadow (D:12)
  Sigmund (D:4)
  2 centaur simulacra (D:14)
  4 wraiths
  A hog (Lair:4)
  6 humans
  3 wyverns
  A basilisk (shapeshifter) (D:13)
  32 yaks
  Eustachio (D:5)
  5 basilisks
  2 fire bats (Lair:4)
  2 fire elementals
  A vampire (D:10)
  2 steam dragons (D:9)
  49 redbacks
  15 vampire mosquitoes
  Menkaure (D:4)
  Edmund (D:4)
  7 swamp worms
  14 water moccasins
  A nameless horror (Lair:3)
  A hell hound (D:13)
  3 black bears
  4 swamp drakes
  12 orc warriors
  A sky beast (D:7)
  An ice beast (D:7)
  2 wolves (Lair:1)
  5 ogres
  3 centaurs
  A lemure (D:5)
  A phantom (D:6)
  2 gnoll sergeants
  6 kobold brigands
  10 bullfrogs
  A scorpion (D:6)
  5 wights (D:8)
  20 killer bees
  4 howler monkeys
  5 electric eels
  6 jellies
  Crazy Yiuf (D:7)
  2 gnoll boudas
  20 orc priests
  2 hounds (D:6)
  A sleepcap (D:6)
  Ijyb (D:4)
  Terence (D:2)
  2 iguanas (D:5)
  23 orc wizards
  2 hell rats (Lair:5)
  16 gnolls
  13 adders
  3 river rats
  A shadow imp (D:7)
  4 white imps
  2 ufetubi
  6 worms
  3 dart slugs
  47 orcs
  10 bats
  10 endoplasms
  5 giant cockroaches
  10 goblins
  5 hobgoblins
  2 jackals (D:4)
  17 kobolds
  6 quokkas
  17 ball pythons
  3 frilled lizards (D:1)
  8 rats
820 creatures vanquished.

Vanquished Creatures (collateral kills)
  The ghost of AyAyRon the Bludgeoner, an adept DsFi of Yredelemnul (D:15)
  2 emperor scorpions
  Louise (Swamp:1)
  A broodmother (Spider:4)
  An eleionoma (Swamp:1)
  A bunyip (Swamp:3)
  2 ice dragons (IceCv)
  2 hydras
  A vault guard (D:14)
  4 ironbound frosthearts (IceCv)
  A jorogumo (Spider:4)
  2 catoblepae (Lair:5)
  A centaur warrior (D:14)
  3 two-headed ogres
  A death knight (D:14)
  2 alligators
  8 death yaks (Lair:5)
  3 tengu warriors
  An orc high priest (Orc:2)
  5 boulder beetles
  A sun moth (Spider:3)
  A skeletal warrior (D:7)
  2 orb spiders (Spider:4)
  3 spriggan druids
  4 steelbarb worms
  3 swamp dragons
  2 bog bodies
  An orc knight (D:12)
  4 wolf spiders
  7 ugly things
  2 cyclopes (D:14)
  A manticore (Lair:5)
  A moth of wrath (Spider:3)
  2 demonic crawlers (Spider:4)
  3 cane toads
  3 black mambas
  2 torpor snails
  An efreet (D:10)
  4 rime drakes
  4 komodo dragons
  6 polar bears
  A meliai (Spider:2)
  6 trolls
  2 hornets
  A tyrant leech (Swamp:2)
  6 blink frogs
  5 tarantellas
  Prince Ribbit (Bailey)
  8 dream sheep (Lair:5)
  5 slime creatures
  16 jumping spiders
  A shadow (D:10)
  A basilisk (Lair:4)
  4 hogs (Lair:4)
  7 culicivoras
  5 spriggans
  A wyvern (Lair:4)
  3 wraiths
  A steam dragon (D:9)
  7 humans
  20 yaks
  8 vampire mosquitoes
  15 redbacks
  5 swamp worms
  A hell hound (D:13)
  17 orc warriors
  3 ogres
  A wolf (Lair:1)
  A kobold brigand (D:8)
  7 bullfrogs
  2 wights (D:8)
  A hornet simulacrum (D:14)
  8 orc priests
  12 orc wizards
  2 hell rats (Lair:5)
  A gnoll (Bailey)
  4 river rats (Lair:5)
  44 orcs
  A goblin (Bailey)
  8 kobolds
  4 rats (Lair:5)
  A spectral weapon (Swamp:3)
347 creatures vanquished.

Vanquished Creatures (others)
  Kirke (Lair:4)
  A jumping spider (Spider:4)
  A fire elemental (D:13)
  A human (D:14)
  A vampire mosquito (Swamp:2)
  A swamp worm (Swamp:3)
  48 foxfires
  5 snaplasher vines
  16 spectral weapons
75 creatures vanquished.

Grand Total: 1242 creatures vanquished

Notes
Turn   | Place    | Note
-------+----------+-------------------------------------------
     0 | D:1      | wingedge the Demigod Wanderer began the quest for the Orb.
     0 | D:1      | wingedge set off with the following items: a +0 club, a
                  | scroll of blinking, a +0 robe, a +0 helmet; and the
                  | following spells available to memorise: Sandblast, Foxfire,
                  | Stone Arrow, Volatile Blastmotes, Animate Armour.
     0 | D:1      | Reached XP level 1. HP: 14/14 MP: 6/6
     2 | D:1      | Learned a level 1 spell: Sandblast
     4 | D:1      | Learned a level 1 spell: Foxfire
     6 | D:1      | Noticed a ghoul
     6 | D:1      | Noticed a draconian
     8 | D:1      | Noticed an elf
    10 | D:1      | Noticed a naga
    10 | D:1      | Noticed a demigod
    12 | D:1      | Noticed a merfolk
    12 | D:1      | Noticed a troll
    14 | D:1      | Noticed a meteoran
    14 | D:1      | Noticed an ogre
    16 | D:1      | Noticed a human
    18 | D:1      | Noticed a demonspawn
    18 | D:1      | Noticed a minotaur
    20 | D:1      | Noticed a vampire
    20 | D:1      | Noticed a vine stalker
    22 | D:1      | Noticed a spriggan
    22 | D:1      | Noticed a formicid
    24 | D:1      | Noticed a felid
    26 | D:1      | Noticed a tengu
    26 | D:1      | Noticed an octopode
    28 | D:1      | Noticed a gargoyle
    28 | D:1      | Noticed a formicid
    30 | D:1      | Noticed an elf
   126 | D:1      | Reached skill level 1 in Fighting
   126 | D:1      | Reached skill level 1 in Conjurations
   154 | D:1      | Reached XP level 2. HP: 23/23 MP: 4/8
   828 | D:1      | Reached XP level 3. HP: 28/28 MP: 6/9
  1099 | D:2      | Noticed Terence
  1106 | D:2      | Learned a level 3 spell: Stone Arrow
  1123 | D:2      | Killed Terence
  1356 | D:2      | Reached XP level 4. HP: 35/35 MP: 9/11
  1874 | D:3      | Noticed a water moccasin
  1885 | D:3      | Gained mutation: You have a considerably increased
                  | reservoir of magic. (+20% MP) [potion of mutation]
  1885 | D:3      | Gained mutation: You have a pair of small horns on your
                  | head. [potion of mutation]
  1886 | D:3      | Killed a water moccasin
  1887 | D:3      | Reached skill level 2 in Fighting
  1887 | D:3      | Reached XP level 5. HP: 16/41 MP: 1/14
  2414 | D:3      | Found Yxzeoves's General Store.
  2957 | D:3      | Noticed an ogre
  2966 | D:3      | Killed an ogre
  2967 | D:3      | Reached XP level 6. HP: 50/50 MP: 1/16
  3132 | D:4      | Noticed Ijyb
  3135 | D:4      | Killed Ijyb
  3292 | D:4      | Noticed Edmund
  3307 | D:4      | Killed Edmund
  3440 | D:4      | Noticed Sigmund
  3444 | D:4      | Killed Sigmund
  3445 | D:4      | Reached skill level 3 in Fighting
  3445 | D:4      | Reached XP level 7. HP: 57/57 MP: 12/19
  3508 | D:4      | Noticed Menkaure
  3512 | D:4      | Killed Menkaure
  3513 | D:4      | Reached skill level 5 in Spellcasting
  3884 | D:5      | Entered Level 5 of the Dungeon
  3896 | D:5      | Found a staircase to the Ecumenical Temple.
  4132 | D:5      | Found a glowing drain.
  4137 | Sewer    | Entered a sewer
  4243 | Sewer    | Reached skill level 1 in Armour
  4396 | Sewer    | Reached skill level 1 in Dodging
  4648 | Sewer    | Reached XP level 8. HP: 59/63 MP: 11/21
  5211 | D:5      | Noticed Pikel
  5222 | D:5      | Killed Pikel
  5223 | D:5      | Reached skill level 4 in Fighting
  5476 | D:5      | Noticed Grinder
  5479 | D:5      | Killed Grinder
  5558 | D:5      | Identified the +1 bardiche "Wixumn" {elec, rF+ Dex+3 SInv}
  5575 | D:5      | Noticed Eustachio
  5580 | D:5      | Killed Eustachio
  5581 | D:5      | Reached skill level 5 in Conjurations
  5581 | D:5      | Reached skill level 5 in Earth Magic
  5913 | D:6      | Reached skill level 5 in Fighting
  5913 | D:6      | Reached XP level 9. HP: 74/74 MP: 10/23
  5987 | D:6      | Learned a level 4 spell: Animate Armour
  6124 | D:6      | Reached skill level 1 in Summonings
  6921 | D:7      | Found a flagged portal.
  6929 | D:7      | Reached skill level 6 in Fighting
  7068 | Bailey   | Entered a bailey
  7135 | Bailey   | Reached skill level 5 in Summonings
  7135 | Bailey   | Reached skill level 1 in Maces & Flails
  7409 | Bailey   | Noticed Prince Ribbit
  7410 | Bailey   | Noticed a vault guard
  7423 | Bailey   | Killed a vault guard
  7424 | Bailey   | Reached XP level 10. HP: 84/84 MP: 4/24
  7428 | Bailey   | Killed Prince Ribbit
  7581 | Bailey   | Noticed a vault guard
  7587 | Bailey   | Killed a vault guard
  8252 | D:7      | Found a runed translucent door.
  8253 | D:7      | Noticed Crazy Yiuf
  8260 | D:7      | Killed Crazy Yiuf
  8991 | D:7      | Noticed a skeletal warrior
  8996 | D:7      | Killed a skeletal warrior
  8997 | D:7      | Reached skill level 7 in Fighting
  9379 | D:8      | Reached skill level 5 in Armour
  9663 | D:8      | Noticed Joseph
  9670 | D:8      | Killed Joseph
 10103 | D:8      | Reached XP level 11. HP: 92/92 MP: 19/26
 10301 | D:8      | Reached skill level 1 in Staves
 11000 | D:9      | Noticed Maurice
 11009 | D:9      | Killed Maurice
 11386 | D:9      | Noticed a two-headed ogre
 11393 | D:9      | Killed a two-headed ogre
 11398 | D:9      | Reached skill level 8 in Fighting
 11828 | D:10     | Entered Level 10 of the Dungeon
 12254 | D:10     | Identified the +1 helmet of the Gusle {Rampage SInv}
 12255 | D:10     | Lost mutation: You have a pair of small horns on your head.
                  | [potion of mutation]
 12255 | D:10     | Lost mutation: You have a considerably increased reservoir
                  | of magic. (+20% MP) [potion of mutation]
 12255 | D:10     | Gained mutation: You passively dampen the noise of your
                  | surroundings. [potion of mutation]
 12620 | D:10     | Found a staircase to the Lair.
 12944 | D:10     | Learned a level 3 spell: Ozocubu's Armour
 13173 | D:11     | Noticed a two-headed ogre
 13184 | D:11     | Killed a two-headed ogre
 13185 | D:11     | Reached skill level 1 in Ice Magic
 13365 | Lair:1   | Entered Level 1 of the Lair of Beasts
 13528 | Lair:1   | Reached skill level 9 in Fighting
 13719 | Lair:1   | Reached XP level 12. HP: 93/104 MP: 17/25
 13978 | Lair:1   | Reached skill level 5 in Staves
 14224 | Lair:1   | Identified the +1 scale mail of the Original Sin {rElec
                  | Int+2}
 14333 | Lair:1   | Noticed a fire dragon
 14345 | Lair:1   | Killed a fire dragon
 15249 | Lair:2   | Found a hole to the Spider Nest.
 15379 | Lair:2   | Found a staircase to the Swamp.
 15600 | Lair:2   | Identified the +0 robe "Meuloff" {rC+ Dex+3 SInv}
 15842 | Lair:3   | Reached skill level 5 in Ice Magic
 16484 | Lair:3   | Learned a level 4 spell: Summon Lightning Spire
 16823 | Lair:3   | Reached skill level 10 in Fighting
 16870 | Lair:3   | Reached skill level 1 in Air Magic
 16969 | Lair:3   | Noticed a four-headed hydra
 16985 | Lair:3   | Killed a four-headed hydra
 17833 | Lair:3   | Reached XP level 13. HP: 104/113 MP: 9/27
 18232 | Lair:4   | Noticed Nessos
 18240 | Lair:4   | Killed Nessos
 18516 | Lair:4   | Learned a level 5 spell: Lee's Rapid Deconstruction
 18558 | Lair:4   | Noticed Kirke
 18573 | Lair:4   | Killed Kirke
 19316 | Lair:5   | Entered Level 5 of the Lair of Beasts
 19365 | Lair:5   | Found a staircase to the Slime Pits.
 19814 | Lair:5   | Reached skill level 5 in Air Magic
 19885 | Lair:5   | Got the Cyclopedia of Portals
 19891 | Lair:5   | Learned a level 4 spell: Iskenderun's Mystic Blast
 20742 | Lair:5   | Reached skill level 1 in Translocations
 21790 | Lair:5   | Reached XP level 14. HP: 122/122 MP: 14/28
 22635 | D:11     | Reached skill level 11 in Fighting
 24137 | D:12     | Found a staircase to the Orcish Mines.
 24517 | D:13     | Noticed Azrael
 25098 | D:13     | Killed Azrael
 25842 | Orc:1    | Entered Level 1 of the Orcish Mines
 26553 | Orc:2    | Entered Level 2 of the Orcish Mines
 26792 | Orc:2    | Found a runed translucent gate.
 26792 | Orc:2    | Found a runed translucent gate.
 26792 | Orc:2    | Found a runed translucent gate.
 26793 | Orc:2    | Noticed chickenninja42's ghost (journeyman MiBe)
 26823 | Orc:2    | Found a staircase to the Elven Halls.
 26912 | Orc:2    | Paralysed by an orc sorcerer for 2 turns
 26918 | Orc:2    | Reached skill level 10 in Armour
 27679 | Orc:2    | Found Orepawut's Magic Scroll Shop.
 27681 | Orc:2    | Found Iseawet's Antique Weapon Boutique.
 27694 | Orc:2    | Found Vuluixt's Armour Shop.
 27694 | Orc:2    | Found Xiocry's Magic Scroll Boutique.
 27703 | Orc:2    | Bought a scroll of fear for 56 gold pieces
 27705 | Orc:2    | Bought a scroll of blinking for 120 gold pieces
 27831 | Orc:2    | Learned a level 5 spell: Summon Forest
 28420 | D:14     | Noticed a sphinx
 28424 | D:14     | Found a runed translucent door.
 28458 | D:14     | Found Buabuzai's Armour Shop.
 29103 | D:14     | Reached skill level 5 in Translocations
 29186 | D:14     | Found a gate to the Vaults.
 29191 | D:14     | Identified the +11 broad axe of Sunlight {pain, rElec}
 29500 | D:14     | Reached skill level 12 in Fighting
 29500 | D:14     | Reached skill level 10 in Earth Magic
 29503 | D:14     | Killed a sphinx
 29582 | D:14     | Reached XP level 15. HP: 132/132 MP: 20/31
 29919 | D:14     | Identified the +1 morningstar "Death Rattle" {flame, Will+}
 29921 | D:14     | Identified the +9 trident "Jafesiq" {drain, rElec rCorr
                  | Stlth-}
 29923 | D:14     | Identified the +1 scale mail of Imperfection {rPois rF-
                  | SInv}
 29988 | D:14     | Reached skill level 1 in Axes
 30157 | D:15     | Entered Level 15 of the Dungeon
 30347 | D:15     | Found Vyrghok's General Store.
 30896 | D:15     | Found a staircase to the Depths.
 31414 | D:15     | Identified Roxanne's Omnibus of the Cwm
 31414 | D:15     | Noticed Roxanne
 31420 | D:15     | Killed Roxanne
 31515 | D:15     | Found a large runed translucent door.
 31515 | D:15     | Found a large runed translucent door.
 31517 | D:15     | Noticed AyAyRon's ghost (adept DsFi)
 31576 | D:15     | Killed AyAyRon's ghost
 31577 | D:15     | Reached skill level 5 in Axes
 31723 | D:15     | Found Quny Ilo's Armour Shoppe.
 31766 | D:15     | Found a gateway to a bazaar.
 31772 | Bazaar   | Entered a bazaar
 31772 | Bazaar   | Found Dalim's Armour Boutique.
 31772 | Bazaar   | Found Kogefobu's Armour Shop.
 31772 | Bazaar   | Found Rammiceom's Antique Weapon Shop.
 31791 | Bazaar   | Bought the +2 pair of gloves "Koff" {rElec rN+ Dex+3} for
                  | 273 gold pieces
 31791 | Bazaar   | Bought a +0 cloak of poison resistance for 59 gold pieces
 31806 | Bazaar   | Learned a level 4 spell: Passage of Golubria
 32204 | Spider:1 | Entered Level 1 of the Spider Nest
 32419 | Spider:1 | Noticed Josephine
 32437 | Spider:1 | Killed Josephine
 35641 | Spider:2 | Reached skill level 10 in Translocations
 35899 | Spider:2 | Reached XP level 16. HP: 125/139 MP: 27/33
 37079 | Spider:3 | Reached skill level 5 in Dodging
 38061 | Spider:3 | Reached skill level 13 in Fighting
 38329 | Spider:4 | Entered Level 4 of the Spider Nest
 39624 | Spider:4 | Noticed Arachne
 39671 | Spider:4 | Killed Arachne
 40745 | Spider:4 | Reached skill level 5 in Stealth
 40901 | Spider:4 | Found the +2 pair of slick slippers {slick, slippery, EV+4}
 41083 | Spider:4 | Got a gossamer rune of Zot
 41208 | Swamp:1  | Entered Level 1 of the Swamp
 41357 | Swamp:1  | Reached skill level 14 in Fighting
 41565 | Swamp:1  | Noticed Louise
 41585 | Swamp:1  | Reached XP level 17. HP: 126/152 MP: 13/35
 41585 | Swamp:1  | Killed Louise
 41788 | Swamp:1  | Reached skill level 10 in Summonings
 42113 | Swamp:1  | Identified the +0 dire flail "Buraamos" {flame, rC+ rN+
                  | Stlth-}
 42376 | Swamp:2  | Found a frozen archway.
 42397 | IceCv    | Entered an ice cave
 44045 | D:3      | Bought a scroll of enchant weapon for 82 gold pieces
 44045 | D:3      | Bought a scroll of brand weapon for 104 gold pieces
 44325 | Orc:2    | Bought 3 scrolls of brand weapon for 399 gold pieces
 45672 | Swamp:3  | Noticed Bai Suzhen
 45698 | Swamp:3  | HP: 8/228 [Bai Suzhen (18)]
 45698 | Swamp:3  | Slain by Bai Suzhen

Illustrated notes

Levels and vault maps discovered:
D:1:      kb_arrival_jail, layout_loops_ring, minmay_pentomino_x4
D:2:      layout_loops_ring, uniq_terence
D:3:      layout_loops_ring, lemuel_round_altar,
          grunt_temple_overflow_cloverleaf, old_standard_altar, serial_shops,
          nicolae_shop_trees, minmay_divided_ellipse
D:4:      layout_rooms, kennysheep_mini, uniq_edmund, uniq_sigmund, uniq_ijyb,
          uniq_menkaure
D:5:      layout_gridville, minmay_temple_entry_trees, portal_sewer_entry_e,
          uniq_grinder, uniq_pikel, uniq_eustachio
D:6:      layout_basic, mainiacjoe_overflow_chevrons, bloody_trog,
          minmay_misc_feat_four_crosses, grunt_decor_cap,
          hangedman_decor_clover_reticule
D:7:      minmay_blocky_corners, layout_gridville, elyvilon_altar_1,
          enter_bailey_5, uniq_crazy_yiuf_cottage
D:8:      layout_rooms, lemuel_doored_altar, gammafunk_temple_overflow_wave,
          kennysheep_generic_room_13, uniq_joseph
D:9:      layout_loops_cross, lemuel_round_altar,
          nicolae_ru_great_annihilating_truth, mainiacjoe_overflow_catwalk,
          uniq_maurice
D:10:     cheibrodos_elevator_heist, layout_cave_pools, david_lair_shrubbed
D:11:     layout_loops_ring, glass_columns_a
D:12:     layout_loops_ring, david_orc_5, minmay_orc_keep
D:13:     layout_roguey, uniq_azrael
D:14:     layout_long_grid, ximxim_vaults_locker_room, serial_shops, shop,
          minmay_st_funbox
D:15:     gammafunk_enter_depths_forms, layout_irregular_city, serial_shops,
          bzr_entry_safe, nicolae_shop_just_a_little_nook,
          nicolae_shop_peninsula, nicolae_hexahallways,
          ebering_ghost_disaster_area, led_sif_pool, uniq_roxanne
Lair:1:   dragon1_lemuel, layout_cave_pods, serial_bayou_shore_b,
          grunt_megastairs_3
Lair:2:   layout_regular_city, minmay_swamp_entry_swarm,
          spider_nest_entry_rubble, serial_bayou_pond_e
Lair:3:   layout_layer_cave, pdpol_lair_cavern_descent
Lair:4:   layout_gridlike, evilmike_ambush [evilmike_ambush_outer_basic,
          evilmike_ambush_inner_basic], uniq_kirke, uniq_nessos
Lair:5:   evilmike_catoblepas_cave, layout_hall_layers, slime_entry_1,
          kennysheep_abandoned_house, serial_bayou_shore_a
Swamp:1:  layout_basic_swamp, basic_altar, uniq_louise
Swamp:2:  layout_basic_swamp, portal_ice_cave_entry_pillars_three,
          serial_swamp_ruin, evilmike_swamp_ruin_house_5,
          evilmike_swamp_ruin_house_1, evilmike_swamp_ruin_house_3, swamp_pool4,
          st_swamp_ruins_3
Swamp:3:  layout_basic_swamp, evilmike_swamp_ruin_rubble_2, uniq_bai_suzhen
Spider:1: layout_spider_delve, uniq_josephine
Spider:2: layout_chambers, special_room [special_room_bee],
          hangedman_spider_tarantella_strand
Spider:3: layout_spider_delve
Spider:4: johnstein_spider_rune_arachne_lair
Orc:1:    layout_caves, basic_altar, nicolae_orc_jurassic_orc
Orc:2:    st_orc_mages, layout_caves, ebering_ghost_rock_garden, basic_altar,
          minmay_orc_barracks

Skill      XL: |  1  2  3  4  5  6  7  8  9 10 11 12 13 14 15 16 17 |
---------------+----------------------------------------------------+-----
Fighting       | 1 2 3 5 6 7 9 10 12 14 | 14.1
Conjurations   | 1 2 3 4 5 |  5.0
Stealth        | 2 3 4 5 6 |  6.0
Earth Magic    | 3 4 5 6 7 8 10 | 10.0
Spellcasting   | 3 4 5 6 7 8 9 |  9.0
Armour         | 1 3 5 7 8 9 10 11 | 11.0
Dodging        | 1 3 7 |  7.0
Summonings     | 5 6 7 8 9 11 | 11.0
Maces & Flails | 2 3 |  3.0
Staves         | 4 6 7 |  7.9
Ice Magic      | 2 5 |  5.0
Air Magic      | 2 6 7 |  7.0
Translocations | 2 5 10 11 | 11.1
Axes           | 8 9 |  9.0
Throwing       | |  1.0
Fire Magic     | |  1.0

Action                     |  1- 3 |  4- 6 |  7- 9 | 10-12 | 13-15 | 16-18 || total
---------------------------+-------+-------+-------+-------+-------+-------++-------
  Melee: Club              |     2 |       |       |       |       |       ||     2
         Dagger            |     1 |       |       |       |       |       ||     1
         Short sword       |    10 |    12 |       |       |       |       ||    22
         Punch             |     2 |       |       |     1 |     1 |     1 ||     5
         Headbutt          |       |     2 |     7 |    12 |       |       ||    21
         Flail             |       |       |    35 |    35 |       |       ||    70
         Quarterstaff      |       |       |       |   202 |   534 |   488 ||  1224
         Staff             |       |       |       |       |     9 |     2 ||    11
         Broad axe         |       |       |       |       |       |    13 ||    13
         Battleaxe         |       |       |       |       |       |    42 ||    42
   Cast: Sandblast         |    49 |    39 |    80 |     2 |       |       ||   170
         Stone Arrow       |     5 |    18 |    85 |   225 |    90 |    19 ||   442
         Foxfire           |       |    14 |     3 |    11 |     1 |       ||    29
         Animate Armour    |       |       |     7 |    60 |    75 |    50 ||   192
         Ozocubu's Armour  |       |       |       |    11 |    13 |       ||    24
         Summon Lightning  |       |       |       |     7 |   126 |    63 ||   196
         Lee's Rapid Decon |       |       |       |       |   117 |    54 ||   171
         Iskenderun's Myst |       |       |       |       |    55 |    30 ||    85
         Summon Forest     |       |       |       |       |     6 |    29 ||    35
         Passage of Golubr |       |       |       |       |     1 |     4 ||     5
  Evoke: Box of beasts     |       |       |       |       |       |     2 ||     2
    Use: Potion            |       |     1 |       |     2 |     8 |     9 ||    20
         Scroll            |       |       |     8 |    16 |    14 |    11 ||    49
   Stab: Distracted        |       |       |       |     2 |    19 |    25 ||    46
         Sleeping          |       |       |       |       |       |     3 ||     3
         Confused          |       |       |       |       |       |     2 ||     2
 Armour: Robe              |    14 |     4 |     2 |       |       |       ||    20
         Ring mail         |       |       |    50 |    91 |       |       ||   141
         Scale mail        |       |       |       |    74 |   357 |   196 ||   627
         Ice dragon scales |       |       |       |       |       |    52 ||    52
  Dodge: Dodged            |     9 |    19 |    63 |   164 |   342 |   562 ||  1159
